 Dungeon Crawl Stone Soup version 0.21.1-1-g345015f (webtiles) character file.

704 sking99 the Ruffian (level 7, -6/59 (61) HPs)
             Began as a Ghoul Monk on June 22, 2018.
             Mangled by Exporg's ghost (24 damage)
             ... on level 6 of the Dungeon.
             The game lasted 00:14:05 (4283 turns).

sking99 the Ruffian (Ghoul Monk)                    Turns: 4283, Time: 00:14:06

HP:   -6/59 (61)    AC:  3    Str: 15    XL:     7   Next: 66%
MP:   6/6           EV: 11    Int:  6    God:
Gold: 110           SH:  8    Dex: 12    Spells: 6/6 levels left

rFire    . . .     SeeInvis .     - Unarmed
rCold    + . .     Gourm    .   l - +0 shield
rNeg     + + +     Faith    .   a - +0 robe
rPois    ∞         Spirit   .   s - +0 helmet
rElec    .         Reflect  .   (no cloak)
rCorr    .         Harm     .   (no gloves)
MR       .....                  (no boots)
Stlth    ++........             (no amulet)
HPRegen  0.00/turn              (no ring)
MPRegen  0.10/turn              (no ring)

@: rotting
A: rotting body, claws 1, carnivore, cold resistance 1, negative energy
resistance 3, inhibited regeneration, torment resistance, unbreathing
a: no special abilities


You were on level 6 of the Dungeon.
You were not hungry.

You visited 1 branch of the dungeon, and saw 7 of its levels.

You collected 110 gold pieces.

Inventory:

Armour
 a - a +0 robe (worn)
 l - a +0 shield (worn)
 s - a +0 helmet (worn)
Jewellery
 k - a +2 ring of slaying {unknown}
 q - an uncursed ring of protection from magic {unknown}
 r - an uncursed ring of poison resistance {unknown}
Scrolls
 c - 3 scrolls of teleportation {unknown}
 e - 7 scrolls of identify {unknown}
 g - 4 scrolls of remove curse {unknown}
 i - 3 scrolls of enchant weapon {unknown}
 n - a scroll of blinking {unknown}
Potions
 d - a potion of ambrosia {unknown}
 f - a potion of mutation {unknown}
 h - a potion of heal wounds
 j - a potion of curing {unknown}
 m - a potion of resistance {unknown}
 p - a potion of flight {unknown}
 t - a potion of invisibility {unknown}
Comestibles
 b - 4 rations


   Skills:
 + Level 5.3 Fighting
 + Level 4.5 Dodging
 - Level 2.2 Stealth
 + Level 1.7 Shields
 * Level 6.8 Unarmed Combat


You had 6 spell levels left.
You didn't know any spells.

Dungeon Overview and Level Annotations

Branches:
Dungeon (7/15)
 Temple: D:4-7

Altars:
Cheibriados
Gozag
Xom
Zin
The Shining One

Shops:
D:2 *

Annotations:
D:2 1 runed door
D:3 Thian's ghost, amateur MiFi
D:6 Dowan; Duvessa; Exporg's ghost, novice TrFi


Innate Abilities, Weirdness & Mutations

Your body is rotting away.
You thrive on raw meat.
You are immune to poison.
You have sharp fingernails.
You are carnivorous and can eat meat at any time.
Your flesh is cold resistant. (rC+)
You are immune to negative energy. (rN+++)
You do not regenerate when monsters are visible.
You are immune to unholy pain and torment.
You can survive without breathing.


Message History

You claw the crimson imp!
The crimson imp is heavily wounded.
Exporg's ghost barely misses you. You block the crimson imp's attack.
You closely miss the crimson imp.
The crimson imp is heavily wounded.
You block Exporg's ghost's attack. The crimson imp hits you.
You closely miss the crimson imp.
The crimson imp is moderately wounded.
Exporg's ghost barely misses you. You block the crimson imp's attack.
You closely miss the crimson imp.
The crimson imp is moderately wounded.
Exporg's ghost hits you. You block the crimson imp's attack.
You claw the crimson imp!
The crimson imp is almost dead.
Exporg's ghost hits you!! The crimson imp hits you.
You barely miss the crimson imp.
The crimson imp is severely wounded.
Exporg's ghost shouts, "Death is your only future!"
Exporg's ghost hits you!!
You die...

### ######## ###
#....W.. ..# #.###...
#.# #W# #... #.### #.#
##.. #.#.# #.# #..
##########..#.###W######
.....eW@5..###.?....####
.#########..#.##§.#.####
#......#.###.##.##.#
#.######## #.# # #.# #.#
#.. #.# ##


You could see Duvessa, Exporg's ghost and a crimson imp.

Vanquished Creatures
  Grinder (D:3)
  2 bullfrogs (D:6)
  A scorpion (D:6)
  A howler monkey (D:6)
  A crimson imp (D:6)
  An orc wizard (D:4)
  A hound (D:6)
  An iguana (D:4)
  A worker ant (D:6)
  A mummy (D:6)
  4 adders
  An ooze (D:3)
  An adder skeleton (D:4)
  3 worms
  A dart slug (D:1)
  3 leopard geckos
  9 orcs
  A ball python (D:3)
  5 bats
  5 giant cockroaches
  4 hobgoblins
  5 jackals (D:3)
  A quokka (D:6)
  3 frilled lizards
  7 goblins
  5 kobolds
  5 rats
74 creatures vanquished.

Notes
Turn   | Place    | Note
-------+----------+-------------------------------------------
     0 | D:1      | sking99 the Ghoul Monk began the quest for the Orb.
     0 | D:1      | Reached XP level 1. HP: 19/19 MP: 0/0
   253 | D:1      | Reached XP level 2. HP: 26/26 MP: 1/1
   824 | D:2      | Reached XP level 3. HP: 18/33 MP: 2/2
   992 | D:2      | Reached skill level 4 in Unarmed Combat
  1349 | D:2      | Found a runed door.
  1418 | D:2      | Found a glowing silver altar of Zin.
  1419 | D:2      | Found Zin's Purification Station.
  1652 | D:2      | Reached XP level 4. HP: 23/37 MP: 3/3
  2094 | D:3      | Noticed Thian's ghost (amateur MiFi)
  2511 | D:3      | Noticed Grinder
  2532 | D:3      | Paralysed by Grinder for 7 turns
  2549 | D:3      | Paralysed by Grinder for 5 turns
  2574 | D:3      | Killed Grinder
  2574 | D:3      | Reached skill level 5 in Unarmed Combat
  2574 | D:3      | Reached XP level 5. HP: 27/47 MP: 4/4
  2574 | D:3      | Reached XP level 6. HP: 31/53 MP: 5/5
  3246 | D:4      | Reached skill level 6 in Unarmed Combat
  3547 | D:4      | You fall through a shaft for 3 floors!
  3547 | D:7      | Found a shimmering altar of Xom.
  3547 | D:7      | Found an opulent altar of Gozag.
  3555 | D:6      | Reached skill level 5 in Fighting
  3555 | D:6      | Reached XP level 7. HP: 55/61 MP: 6/6
  3571 | D:6      | Reached skill level 1 in Shields
  3942 | D:6      | Noticed Exporg's ghost (novice TrFi)
  3973 | D:6      | Found a snail-covered altar of Cheibriados.
  3995 | D:6      | Noticed Duvessa
  4005 | D:6      | Noticed Dowan
  4025 | D:5      | Entered Level 5 of the Dungeon
  4161 | D:5      | Found a glowing golden altar of the Shining One.
  4283 | D:6      | Mangled by Exporg's ghost

Skill      XL: |  1  2  3  4  5  6  7 |
---------------+----------------------+-----
Dodging        | 3 4 |  4.5
Unarmed Combat | 4 5 6 |  6.8
Fighting       | 4 5 |  5.3
Shields        | 1 |  1.7
Stealth        | |  2.2

Action                   |  1- 3 |  4- 6 |  7- 9 || total
-------------------------+-------+-------+-------++-------
Melee: Unarmed           |   104 |   135 |    82 ||   321
       Punch             |     2 |     1 |       ||     3
  Use: Potion            |       |     3 |       ||     3
 Stab: Sleeping          |     4 |     7 |       ||    11
  Eat: Chunk             |     5 |    11 |     4 ||    20
Armor: Robe              |    24 |    15 |     5 ||    44
Dodge: Dodged            |    82 |    66 |    42 ||   190
Block: Shield            |       |    10 |    36 ||    46
